 Dungeon Crawl Stone Soup version 0.21.1-1-g345015fe64 (webtiles) character file.

289908 Gargoyl the Envoy of Void (level 20, -2/172 HPs)
             Began as a Centaur Abyssal Knight on May 5, 2018.
             Was a High Priest of Lugonu.
             Slain by a deep troll (17 damage)
             ... on level 4 of the Vaults.
             The game lasted 02:08:28 (44129 turns).

Gargoyl the Envoy of Void (Centaur Abyssal Knight) Turns: 44129, Time: 02:08:28

Health: -2/172     AC: 26    Str: 30    XL:     20   Next: 27%
Magic:  29/32      EV: 10    Int: 11    God:    Lugonu [*****.]
Gold:   2931       SH: 31    Dex: 14    Spells: 19/19 levels left

rFire    . . .     SeeInvis +   t - +9 long sword "Toxoer" {drain, MR+ Dex+5}
rCold    + . .     Gourm    .   Y - +10 large shield of Ignorance {rN+ Int-4}
rNeg     + + +     Faith    .   K - +5 scale mail of Democracy {rN++ MR+ Str+4 Dex-3}
rPois    +         Spirit   .   W - +0 helmet of Defiance {rElec MR+ Int+4}
rElec    +         Reflect  .   h - scarf {cloud immunity}
rCorr    .         Harm     .   X - +0 pair of gloves {Str+3}
MR       +++++                  d - +2 centaur barding {rC+}
Stlth    ..........             k - amulet of regeneration
HPRegen  1.18/turn              y - ring of see invisible
MPRegen  0.23/turn              b - ring of protection from magic

@: very quick
A: large, hooves 3, deformed body, speed 2, poison resistance, regeneration 1,
strong 1, tough skin 3
}: 1/15 runes: gossamer
a: Depart the Abyss, Bend Space, Banish, Corrupt, Enter the Abyss, Renounce
Religion


You were on level 4 of the Vaults.
You worshipped Lugonu.
Lugonu was extremely pleased with you.
You were not hungry.

You visited 5 branches of the dungeon, and saw 31 of its levels.
You visited the Abyss 3 times.
You visited 1 bazaar.
You also visited: Labyrinth, Ice Cave and Volcano.

You collected 4106 gold pieces.
You spent 1175 gold pieces at shops.

Inventory:

Hand Weapons
 t - the +9 long sword "Toxoer" (weapon) {drain, MR+ Dex+5}
   (You found it on level 6 of the Dungeon)

   A truly terrible weapon, it drains the life of those it strikes.
   It affects your dexterity (+5).
   It affects your resistance to hostile enchantments.
 C - a +6 long sword of electrocution
 O - a +4 falchion of holy wrath
 R - a +6 long sword of flaming
 V - the +6 falchion of Conscience {vamp, rC++}
   (You found it in a labyrinth)

   It inflicts no extra harm, but heals its wielder when it wounds a living foe.
   It greatly protects you from cold.
Missiles
 e - 9 tomahawks of returning (quivered)
 S - 3 javelins
Armour
 d - a +2 centaur barding of cold resistance (worn)
 h - a scarf of cloud immunity (worn)
 D - the +1 helmet "Iribain" {rPois Str+4}
   (You acquired it on level 6 of the Lair of Beasts)

   It affects your strength (+4).
   It protects you from poison.
 K - the +5 scale mail of Democracy (worn) {rN++ MR+ Str+4 Dex-3}
   (You found it in an ice cave)

   It affects your strength (+4).
   It affects your dexterity (-3).
   It greatly protects you from negative energy.
   It affects your resistance to hostile enchantments.
 W - the +0 helmet of Defiance (worn) {rElec MR+ Int+4}
   (You found it on level 11 of the Dungeon)

   It affects your intelligence (+4).
   It insulates you from electricity.
   It affects your resistance to hostile enchantments.
 X - a +0 pair of gloves of strength (worn)
 Y - the +10 large shield of Ignorance (worn) {rN+ Int-4}
   (You found it on level 11 of the Dungeon)

   It affects your intelligence (-4).
   It protects you from negative energy.
Jewellery
 a - a +4 ring of strength
 b - a ring of protection from magic (right hand)
 k - an amulet of regeneration (around neck)
 l - an uncursed ring of protection from magic
 n - an uncursed ring of positive energy
 y - a ring of see invisible (left hand)
 I - an uncursed ring of protection from cold
 M - an uncursed ring of resist corrosion
 Q - an uncursed ring of positive energy
 U - an uncursed ring of protection from fire
 Z - an uncursed ring of flight
Wands
 f - a wand of random effects (35)
 j - a wand of acid (29)
 o - a wand of disintegration (20)
 F - a wand of digging (10)
 H - a wand of iceblast (18)
 T - a wand of scattershot (8)
Scrolls
 g - 7 scrolls of teleportation
 i - 6 scrolls of identify
 s - 10 scrolls of magic mapping
 v - 18 scrolls of remove curse
 z - 2 scrolls of blinking
 A - 4 scrolls of fog
 B - 2 scrolls of amnesia
 G - 4 scrolls of fear
 N - a scroll of holy word
Potions
 m - 2 potions of resistance
 p - 2 potions of haste
 q - 2 potions of berserk rage
 r - 9 potions of agility
 u - 4 potions of cancellation
 w - 2 potions of curing
 x - 4 potions of brilliance
 E - 7 potions of magic
 J - 5 potions of ambrosia
 L - 5 potions of flight
 P - 4 potions of might
Comestibles
 c - 27 rations


   Skills:
 + Level 13.5 Fighting
 + Level 14.8 Long Blades
   Level 4.8 Axes
 + Level 2.8 Throwing
 * Level 13.9 Armour
 + Level 7.6 Dodging
 + Level 13.0 Shields
 * Level 17.2 Invocations
 + Level 1.0 Evocations


You had 19 spell levels left.
You didn't know any spells.

Dungeon Overview and Level Annotations

Branches:
Dungeon (15/15)            Temple (0/1) D:7            Lair (6/6) D:9
  Swamp (0/4) Lair:3       Spider (4/4) Lair:2        Slime (0/5) Lair:5
    Orc (2/2) D:11            Elf (0/3) Orc:2        Vaults (4/5) D:14
  Crypt (0/3) Vaults:3     Depths (0/5) D:15

Altars:
Dithmenos
Kikubaaqudgha
Makhleb
Nemelex Xobeh
Okawaru
Ru
Sif Muna
Yredelemnul
Zin
Beogh

Shops:
D:4 (   D:5 [   D:9 %   Orc:2 ((}}   Vaults:1 }   Vaults:3 [

Portals:
Trove: D:11 (give 4 potions of resistance)

Annotations:
Lair:1 exclusion: 2 oklob plants


Innate Abilities, Weirdness & Mutations

You have hooves in place of feet.
Armour fits poorly on your strangely shaped body.
You cover ground very quickly.
You have extremely tough skin. (AC +3)
Your system is resistant to poisons. (rPois)
Your natural rate of healing is unusually fast.
Your muscles are strong. (Str +2)


Message History

* * * LOW HITPOINT WARNING * * *
The deep troll claws you!
* * * LOW HITPOINT WARNING * * *
You slice the yaktaur captain!! You kick the yaktaur captain.
The yaktaur captain is almost dead.
You block the vault guard's attack.
You slice the yaktaur captain!!
You kill the yaktaur captain!
Lugonu accepts your kill. You block the deep troll's attack.
The deep troll claws you but does no damage.
You block the deep troll's attack.
The vault guard hits you from afar with an enchanted bardiche!
* * * LOW HITPOINT WARNING * * *
Unknown command.
You slash the ironbrand convoker! You kick the ironbrand convoker!
The ironbrand convoker is heavily wounded.
You block the vault guard's attack. You block the deep troll's attack. x2
The deep troll claws you!
You die...

...# #########)....# ...#
#.....#
####################.....#
.........................#
.........................#
.........................#
.........................#
...............).........#
################@#########
### #.....Tpp# #### #.#
#.....p.p# #.... ##†#
#........# #... ...#
#...<....# #..# .#'#
#........# ### #..# ..
.#.# #........####.####..#
.. .###
#........#.##.##.#..#...
.# ........'..#.#.('Op#...


You could see 2 vault guards, a deep troll and 2 ironbrand convokers.

Vanquished Creatures
  Sojobo (Vaults:4)
  Boris (Vaults:3)
  Jory (Vaults:3)
  Arachne (Spider:4)
  Rupert (Spider:1)
  Gastronok (Orc:1)
  3 tengu reavers
  A sphinx (D:13)
  Kirke (Spider:2)
  2 storm dragons
  4 ghost moths
  An iron dragon (Vaults:4)
  9 vault wardens
  8 emperor scorpions
  7 ironheart preservers
  4 stone giants
  2 very ugly things (Vaults:3)
  3 entropy weavers
  2 vampire knights (Vaults:3)
  A deep elf annihilator (Vaults:3)
  A deep elf demonologist (Vaults:4)
  Azrael (D:13)
  A white draconian (IceCv)
  5 dire elephants (Lair:6)
  2 spark wasps
  Josephine (D:13)
  A minotaur (Lab)
  A fire dragon (D:14)
  3 great orbs of eyes
  Erolcha (D:11)
  3 ice dragons
  9 yaktaur captains
  Harold (Orc:1)
  3 rakshasas
  7 vault guards
  An anaconda (Lair:6)
  10 centaur warriors
  A catoblepas (Lair:2)
  5 hydras
  2 death knights
  56 two-headed ogres
  4 death yaks (Lair:6)
  16 ogre magi
  A tengu warrior (D:15)
  5 orc high priests
  Urug (Lair:3)
  A thrashing horror (Abyss:1)
  A wretched star (Abyss:1)
  Nergalle (D:11)
  5 hell knights (Vaults:1)
  2 deep elf knights (Vaults:4)
  3 skeletal warriors
  A shadow wraith (Vaults:3)
  A swamp dragon (shapeshifter) (Vaults:4)
  An unseen horror (shapeshifter) (Vaults:3)
  6 unseen horrors
  2 flayed ghosts
  2 deep trolls (shapeshifter)
  12 ironbrand convokers
  4 necromancers
  6 wizards
  21 ugly things
  2 oklob plants (Lair:5)
  Pikel (Abyss:1)
  7 deep elf archers
  3 phantasmal warriors
  13 orc knights
  21 orb spiders
  10 deep elf magi
  3 harpies (Vaults:3)
  A wolf spider zombie (D:15)
  A human zombie (Vaults:2)
  27 wolf spiders
  A worldbinder (Abyss:2)
  3 orc sorcerers
  8 cyclopes
  2 moths of wrath (Spider:4)
  3 human skeletons
  2 sphinx skeletons (Vaults:1)
  8 elephants
  2 guardian serpents (shapeshifter)
  3 black mambas
  4 molten gargoyles (Volcano)
  7 vault sentinels
  Psyche (D:11)
  2 naga magi (D:15)
  The ghost of Gargoyl the Skirmisher, a novice CeAK of Lugonu (D:6)
  2 gargoyles
  3 torpor snails
  A storm dragon simulacrum (Vaults:3)
  An ice statue (IceCv)
  A komodo dragon (shapeshifter) (Vaults:4)
  13 spiny frogs
  5 rime drakes
  22 yaktaurs
  5 komodo dragons
  A yaktaur (shapeshifter) (D:13)
  9 freezing wraiths
  A kobold demonologist (D:13)
  4 efreet
  A yaktaur zombie (Vaults:2)
  A tengu conjurer (D:15)
  A rime drake (shapeshifter) (D:13)
  7 demonic crawlers
  An entropy weaver simulacrum (Vaults:1)
  A merfolk (shapeshifter) (Vaults:3)
  A jumping spider (shapeshifter) (Vaults:3)
  12 trolls
  A large abomination (Abyss:1)
  A queen bee (shapeshifter) (D:14)
  15 hornets
  21 polar bears
  A raiju (Abyss:2)
  3 meliai (D:15)
  A tengu simulacrum (Vaults:2)
  40 jumping spiders
  20 slime creatures
  15 blink frogs
  7 dream sheep
  6 hippogriffs
  A blink frog (shapeshifter) (Vaults:4)
  3 shadows
  An ettin skeleton (Vaults:2)
  63 redbacks
  A water elemental (D:14)
  49 yaks
  A vampire (D:11)
  31 tarantellas
  2 wyverns
  A spriggan (D:10)
  5 wraiths
  5 fire elementals
  A hog (shapeshifter) (Vaults:3)
  4 hungry ghosts
  2 hogs (Spider:2)
  4 basilisks
  2 steam dragons (D:10)
  A human simulacrum (Vaults:2)
  3 vampire mosquitoes (D:13)
  A soldier ant (shapeshifter) (Vaults:2)
  3 acid dragons
  18 water moccasins
  3 wargs
  Edmund (Abyss:1)
  Menkaure (D:2)
  A hell hound (D:13)
  A soldier ant (D:14)
  13 porcupines
  2 ice beasts
  34 orc warriors
  5 sky beasts
  3 black bears
  A phantom (D:13)
  A necrophage (D:2)
  28 wolves
  46 ogres
  5 centaurs
  An elf skeleton (Vaults:1)
  17 crocodiles
  A gnoll sergeant (D:13)
  3 earth elementals
  A yaktaur skeleton (Vaults:1)
  27 bullfrogs
  A water moccasin zombie (D:8)
  3 wyvern skeletons
  6 scorpions
  19 killer bees
  4 wights (D:8)
  4 electric eels
  3 howler monkeys
  2 centaur zombies
  2 crimson imps
  2 bullfrog zombies
  9 jellies
  24 orc priests
  A bullfrog skeleton (D:9)
  5 hounds
  23 orc wizards
  3 centaur skeletons
  Jessica (D:2)
  An iguana (D:10)
  Ijyb (D:4)
  Terence (D:2)
  9 worker ants
  4 killer bee zombies
  2 hound zombies
  A mummy (D:2)
  A worker ant zombie (D:6)
  6 gnolls
  16 adders
  5 shadow imps
  An adder zombie (D:2)
  5 worms
  2 dart slugs (D:1)
  6 leopard geckos
  88 orcs
  A ball python (D:1)
  15 bats
  A bat skeleton (D:2)
  4 giant cockroaches
  8 hobgoblins
  22 jackals
  12 kobolds
  6 quokkas
  11 frilled lizards
  10 goblins
  2 leopard gecko skeletons
  2 quokka skeletons (D:8)
  12 rats
  3 fire vortices (Volcano)
  3 plants (Lair:6)
1395 creatures vanquished.

Vanquished Creatures (others)
  An ettin (Vaults:3)
  4 hydras
  2 oklob plants (Lair:5)
  A wolf spider (Spider:4)
  An ugly thing (Vaults:1)
  2 jumping spiders
  A polar bear (IceCv)
  A redback (Spider:4)
  2 yaks (IceCv)
  A human (Spider:2)
  An orc warrior (D:5)
  A slave (D:7)
  2 orcs
  A bush (Lair:6)
  A fire vortex (Volcano)
  18 fungi
  15 plants
55 creatures vanquished.

Grand Total: 1450 creatures vanquished

Notes
Turn   | Place    | Note
-------+----------+-------------------------------------------
     0 | Abyss:1  | Gargoyl the Centaur Abyssal Knight began the quest for the Orb.
     0 | Abyss:1  | Reached XP level 1. HP: 19/19 MP: 2/2
   105 | Abyss:3  | Found a corrupted altar of Lugonu.
   138 | Abyss:3  | Noticed a hellwing
   141 | D:1      | Escaped the Abyss
   284 | D:1      | Reached * piety under Lugonu
   378 | D:1      | Reached XP level 2. HP: 26/26 MP: 3/3
   693 | D:1      | Reached XP level 3. HP: 23/31 MP: 4/4
  1192 | D:1      | Reached ** piety under Lugonu
  1254 | D:2      | Found an ancient bone altar of Kikubaaqudgha.
  1254 | D:2      | Noticed Menkaure
  1256 | D:2      | Found a transporter.
  1264 | D:2      | Noticed Terence
  1463 | D:2      | Noticed a necrophage
  1495 | D:2      | Reached XP level 4. HP: 35/40 MP: 5/5
  1538 | D:2      | Noticed Jessica
  1546 | D:2      | Killed Jessica
  1688 | D:2      | Reached skill level 3 in Invocations
  2055 | D:2      | Reached XP level 5. HP: 40/46 MP: 7/7
  2186 | D:2      | Found a sparkling altar of Nemelex Xobeh.
  2193 | D:2      | Found a basalt altar of Yredelemnul.
  2196 | D:2      | Found a transporter.
  2916 | D:3      | Reached *** piety under Lugonu
  3961 | D:4      | Noticed Edmund
  4008 | D:4      | Gained mutation: Your natural rate of healing is unusually fast. [potion of mutation]
  4008 | D:4      | Gained mutation: Your muscles are strong. (Str +2) [potion of mutation]
  4008 | D:4      | Gained mutation: Your system is resistant to poisons. (rPois) [potion of mutation]
  4018 | D:4      | Banished Edmund
  4018 | D:4      | Reached XP level 6. HP: 8/52 MP: 8/8
  4340 | D:4      | Found Gilo's Weapon Shop.
  4412 | D:4      | Found a burning altar of Makhleb.
  4483 | D:4      | Reached XP level 7. HP: 58/59 MP: 9/9
  4588 | D:4      | Reached skill level 4 in Invocations
  4779 | D:4      | Noticed Ijyb
  4790 | D:4      | Killed Ijyb
  4790 | D:4      | Reached skill level 1 in Dodging
  4838 | D:5      | Entered Level 5 of the Dungeon
  5254 | D:4      | Reached skill level 1 in Throwing
  5458 | D:5      | Reached skill level 5 in Armour
  5469 | D:5      | Found Nessuv Veol's Armour Emporium.
  5480 | D:5      | Bought a +2 helmet for 214 gold pieces
  5657 | D:5      | Reached **** piety under Lugonu
  5819 | D:6      | Reached XP level 8. HP: 67/67 MP: 11/11
  5946 | D:6      | Noticed Gargoyl's ghost (novice CeAK)
  5981 | D:6      | Killed Gargoyl's ghost
  6474 | D:6      | Got a steaming long sword
  6475 | D:6      | Identified the +9 long sword "Toxoer" {drain, MR+ Dex+5} (You found it on level 6 of the Dungeon)
  6630 | D:7      | Reached skill level 5 in Invocations
  6649 | D:7      | Found a staircase to the Ecumenical Temple.
  6856 | D:7      | Reached skill level 1 in Shields
  6911 | D:7      | Noticed Pikel
  6927 | D:7      | Banished Pikel
  6927 | D:7      | Reached skill level 1 in Long Blades
  7092 | D:7      | Reached skill level 5 in Fighting
  7134 | D:7      | Found a shadowy altar of Dithmenos.
  7220 | D:7      | Reached XP level 9. HP: 70/74 MP: 13/13
  7599 | D:8      | Noticed a two-headed ogre
  7607 | D:8      | Reached skill level 6 in Invocations
  7779 | D:8      | Killed a two-headed ogre
  8399 | D:9      | Reached XP level 10. HP: 82/82 MP: 14/14
  8462 | D:9      | Noticed a two-headed ogre
  8533 | D:8      | Reached skill level 7 in Invocations
  8573 | D:8      | Killed a two-headed ogre
  8573 | D:8      | Reached skill level 5 in Long Blades
  8574 | D:8      | Reached ***** piety under Lugonu
  8865 | D:9      | Found Mouhoerr's Food Boutique.
  8889 | D:9      | Reached skill level 8 in Invocations
  8954 | D:9      | Found a staircase to the Lair.
  9075 | D:9      | Found a deep blue altar of Sif Muna.
  9270 | Lair:1   | Entered Level 1 of the Lair of Beasts
  9270 | Lair:1   | Noticed a spiny frog
  9282 | Lair:1   | Killed a spiny frog
  9400 | Lair:1   | Reached XP level 11. HP: 89/89 MP: 17/17
  9422 | Lair:1   | Noticed a four-headed hydra
  9424 | Lair:1   | Banished a four-headed hydra
  9645 | Lair:1   | Noticed an oklob plant
  9764 | Lair:1   | Noticed an oklob plant
 10127 | Lair:2   | Noticed an eight-headed hydra
 10129 | Lair:2   | Banished an eight-headed hydra
 10178 | Lair:2   | Noticed a catoblepas
 10199 | Lair:2   | Killed a catoblepas
 10199 | Lair:2   | Reached skill level 9 in Invocations
 10385 | Lair:2   | Found a frozen archway.
 10430 | IceCv    | Entered an ice cave
 10585 | IceCv    | Got a steaming scale mail
 10608 | IceCv    | Identified the +5 scale mail of Democracy {rN++ MR+ Str+4 Dex-3} (You found it in an ice cave)
 10864 | IceCv    | Reached XP level 12. HP: 100/100 MP: 19/19
 11229 | IceCv    | Reached skill level 1 in Evocations
 11356 | IceCv    | Noticed a white draconian
 11382 | IceCv    | Killed a white draconian
 11382 | IceCv    | Reached skill level 10 in Invocations
 11405 | IceCv    | Reached ****** piety under Lugonu
 12031 | Lair:2   | Found a hole to the Spider Nest.
 12321 | Lair:3   | Reached skill level 10 in Armour
 12587 | Lair:3   | Noticed Urug
 12600 | Lair:3   | Killed Urug
 12687 | Lair:3   | Noticed a five-headed hydra
 12692 | Lair:3   | Killed a seven-headed hydra
 12734 | Lair:3   | Found a staircase to the Swamp.
 13273 | Lair:3   | Reached XP level 13. HP: 81/107 MP: 20/20
 13333 | Lair:4   | Found a labyrinth entrance.
 13342 | Lab      | Entered a labyrinth
 13434 | Lab      | Found an exit through the horrors of the Abyss.
 13901 | Lab      | Noticed a minotaur
 13907 | Lab      | Killed a minotaur
 13907 | Lab      | Reached skill level 10 in Long Blades
 13913 | Lab      | Got a sapphire falchion
 13966 | Lair:4   | Identified the +6 falchion of Conscience {vamp, rC++} (You found it in a labyrinth)
 15136 | Lair:5   | Found a staircase to the Slime Pits.
 15417 | Lair:5   | Reached skill level 11 in Invocations
 15589 | Lair:5   | Got a twitching copper ring
 15612 | Lair:5   | Identified the ring of Gius {Fire rElec Str+3} (You found it on level 5 of the Lair of Beasts)
 15992 | Lair:6   | Entered Level 6 of the Lair of Beasts
 16159 | Lair:6   | Got a crude scale mail
 16178 | Lair:6   | Identified the cursed +1 scale mail of Valour {-Tele rN+ Regen+ rCorr} (You found it on level 6 of the Lair of Beasts)
 16197 | Lair:6   | Identified a scroll of acquirement
 16198 | Lair:6   | Got a fine helmet
 16259 | Lair:6   | Identified the +1 helmet "Iribain" {rPois Str+4} (You acquired it on level 6 of the Lair of Beasts)
 16575 | Lair:6   | Reached XP level 14. HP: 62/118 MP: 22/22
 17339 | Lair:6   | Reached skill level 12 in Invocations
 18013 | D:10     | Entered Level 10 of the Dungeon
 18604 | D:11     | Noticed Nergalle
 18615 | D:11     | Killed Nergalle
 18865 | D:11     | Reached skill level 10 in Fighting
 19258 | D:11     | Noticed Erolcha
 19265 | D:11     | Killed Erolcha
 19338 | D:11     | Found a staircase to the Orcish Mines.
 19646 | D:11     | Found a portal to a secret trove of treasure.
 19808 | D:11     | Noticed Psyche
 19813 | D:11     | Killed Psyche
 19917 | D:11     | Found an iron altar of Okawaru.
 20021 | D:11     | Found the +10 large shield of Ignorance {rN+ Int-4}
 20023 | D:11     | Got a faintly glowing helmet
 20047 | D:11     | Identified the +0 helmet of Defiance {rElec MR+ Int+4} (You found it on level 11 of the Dungeon)
 21265 | D:13     | Reached XP level 15. HP: 104/127 MP: 24/24
 21297 | D:13     | Noticed Josephine
 21309 | D:13     | Killed Josephine
 21311 | D:13     | Noticed Azrael
 21351 | D:13     | Killed Azrael
 21551 | D:13     | Reached skill level 13 in Invocations
 21730 | D:13     | Noticed a sphinx
 21730 | D:13     | Noticed a tengu reaver
 21730 | D:13     | Noticed a storm dragon
 21854 | D:13     | Found a runed door.
 21912 | D:13     | Killed a tengu reaver
 21912 | D:13     | Reached skill level 5 in Shields
 21927 | D:13     | Killed a sphinx
 21948 | D:13     | Killed a storm dragon
 22676 | D:2      | Killed Menkaure
 22681 | D:2      | Killed Terence
 22695 | D:2      | Got a steaming pewter ring
 23426 | D:14     | Found a gate to the Vaults.
 23777 | D:14     | Found a glowing silver altar of Zin.
 23804 | D:15     | Entered Level 15 of the Dungeon
 23907 | D:15     | Found a staircase to the Depths.
 24016 | D:15     | Identified the ring "Jioxkycre" {+Inv rPois} (You took it off Terence on level 2 of the Dungeon)
 24758 | D:15     | Found a sacrificial altar of Ru.
 25089 | Orc:1    | Entered Level 1 of the Orcish Mines
 25141 | Orc:1    | Noticed Harold
 25319 | Orc:1    | Killed Harold
 25347 | Orc:1    | Found a roughly hewn altar of Beogh.
 25415 | Orc:1    | Noticed Gastronok
 25428 | Orc:1    | Killed Gastronok
 25428 | Orc:1    | Reached XP level 16. HP: 137/137 MP: 26/26
 25581 | Orc:1    | Found a dark tunnel.
 25811 | Volcano  | Entered a volcano
 26334 | Orc:2    | Entered Level 2 of the Orcish Mines
 26545 | Orc:2    | Found a staircase to the Elven Halls.
 27155 | Orc:2    | Found Gulankurph's Weapon Shop.
 27155 | Orc:2    | Found Bikocvim's Antique Weapon Shop.
 27156 | Orc:2    | Found Wiluykuc's Gadget Boutique.
 27159 | Orc:2    | Found Tege's Gadget Boutique.
 27163 | Orc:2    | Bought a slimy long sword for 306 gold pieces
 27165 | Orc:2    | Identified the +7 long sword of Misery {elec, Fragile rN+ Str+4} (You bought it in a shop on level 2 of the Orcish Mines)
 27370 | Spider:1 | Entered Level 1 of the Spider Nest
 27604 | Spider:1 | Reached skill level 14 in Invocations
 27701 | Spider:1 | Reached skill level 5 in Dodging
 27727 | Spider:1 | Noticed Rupert
 27751 | Spider:1 | Killed Rupert
 29321 | Spider:2 | Noticed Kirke
 29329 | Spider:2 | Noticed a sphinx
 29348 | Spider:2 | Noticed a sphinx
 29576 | Spider:2 | Killed Kirke
 31100 | Spider:3 | Reached XP level 17. HP: 145/145 MP: 27/27
 31443 | Spider:4 | Entered Level 4 of the Spider Nest
 32936 | Spider:4 | Reached skill level 15 in Invocations
 33008 | Spider:4 | Noticed Arachne
 33050 | Spider:4 | Killed Arachne
 33795 | Spider:4 | Got a gossamer rune of Zot
 34007 | Vaults:1 | Entered Level 1 of the Vaults
 34416 | Vaults:1 | Reached skill level 10 in Shields
 34861 | Vaults:1 | Found Deraud's Gadget Shop.
 35051 | Vaults:1 | Reached XP level 18. HP: 154/154 MP: 29/29
 36874 | Vaults:2 | Found a gateway to a bazaar.
 36928 | Bazaar   | Entered a bazaar
 36928 | Bazaar   | Found Wuukhuej's General Store.
 36928 | Bazaar   | Found Xiboi's Antique Weapon Boutique.
 37039 | Bazaar   | Bought a scroll of teleportation for 21 gold pieces
 37039 | Bazaar   | Bought a scroll of enchant weapon for 52 gold pieces
 37053 | Bazaar   | Found Jutteot's Magic Scroll Emporium.
 37061 | Bazaar   | Bought a scroll of blinking for 105 gold pieces
 37061 | Bazaar   | Found Sucleclu's Jewellery Emporium.
 37072 | Bazaar   | Found Myoronne's Antique Armour Boutique.
 37119 | Bazaar   | Bought a scroll of holy word for 105 gold pieces
 37119 | Bazaar   | Bought a scroll of teleportation for 42 gold pieces
 37357 | Vaults:2 | Reached skill level 16 in Invocations
 38512 | Vaults:3 | Reached XP level 19. HP: 162/162 MP: 31/31
 38548 | Vaults:3 | Noticed Sojobo
 38562 | Vaults:3 | Noticed Boris
 38820 | Vaults:3 | Killed Boris
 38838 | Vaults:3 | Found a staircase to the Crypt.
 38919 | Abyss:1  | Killed Edmund
 39001 | Abyss:1  | Killed Pikel
 39189 | Abyss:2  | Noticed a hellephant
 39213 | Vaults:3 | Escaped the Abyss
 39217 | Abyss:1  | HP: 6/162 [disintegration (11)]
 39248 | Abyss:1  | Got a fine long sword
 39249 | Abyss:1  | Identified the +1 long sword of the Wraith {antimagic, *Corrode rPois Stlth+} (You found it on level 1 of the Abyss)
 39343 | Vaults:3 | Escaped the Abyss
 39619 | Vaults:3 | Noticed Jory
 39791 | Vaults:4 | Killed Sojobo
 39937 | Vaults:3 | Killed Jory
 40223 | Vaults:3 | Found Talleil's Antique Armour Shoppe.
 40235 | Vaults:3 | Bought a pair of runed gloves for 165 gold pieces
 40235 | Vaults:3 | Bought a pair of embroidered gloves for 165 gold pieces
 42651 | Vaults:4 | Reached skill level 17 in Invocations
 42660 | Vaults:4 | Reached XP level 20. HP: 171/171 MP: 32/32
 44129 | Vaults:4 | Slain by a deep troll

Skill      XL: |  1  2  3  4  5  6  7  8  9 10 11 12 13 14 15 16 17 18 19 20 |
---------------+-------------------------------------------------------------+-----
Axes           | 2 3 4 |  4.8
Armour         | 2 3 5 6 7 8 9 10 11 12 13 | 13.9
Invocations    | 3 4 5 6 8 9 10 11 12 13 14 15 16 17 | 17.2
Fighting       | 4 5 6 7 8 9 10 11 12 13 | 13.5
Dodging        | 1 2 3 4 5 6 7 |  7.6
Throwing       | 1 2 |  2.8
Shields        | 1 2 3 4 6 8 10 11 12 13 | 13.0
Long Blades    | 1 4 6 8 9 11 12 13 14 | 14.8
Evocations     | 1 |  1.0

Action                   |  1- 3 |  4- 6 |  7- 9 | 10-12 | 13-15 | 16-18 | 19-21 || total
-------------------------+-------+-------+-------+-------+-------+-------+-------++-------
Melee: Hand axe          |   150 |   270 |   161 |       |       |       |       ||   581
       Kick              |    14 |    49 |    95 |   233 |   647 |  1035 |   503 ||  2576
       Long sword        |       |       |   139 |   630 |  1335 |  2025 |  1008 ||  5137
       Falchion          |       |       |       |       |     5 |       |       ||     5
Throw: Tomahawk          |       |     4 |    18 |    13 |     5 |     1 |     4 ||    45
Invok: Depart the Abyss  |     1 |       |       |       |       |       |     2 ||     3
       Banish            |       |     1 |     2 |     4 |     7 |     2 |     5 ||    21
       Bend Space        |       |       |     1 |     5 |     2 |     3 |    10 ||    21
       Enter the Abyss   |       |       |       |       |       |       |     2 ||     2
Evoke: Wand              |       |       |       |     5 |       |       |     1 ||     6
  Use: Scroll            |     4 |     4 |    15 |     6 |    18 |    12 |    11 ||    70
       Potion            |       |     4 |       |     1 |     2 |    11 |     4 ||    22
 Stab: Invisible         |       |       |       |       |     2 |       |       ||     2
       Distracted        |       |       |       |       |     1 |       |       ||     1
  Eat: Ration            |     1 |     2 |     3 |     4 |     8 |    10 |     5 ||    33
       Chunk             |       |       |     1 |     2 |    15 |     6 |     1 ||    25
Armor: Plate armour      |   205 |   252 |   241 |   357 |       |       |       ||  1055
       Skin              |       |    15 |       |       |       |       |       ||    15
       Scale mail        |       |       |       |   204 |   453 |   900 |   338 ||  1895
Dodge: Dodged            |    16 |    37 |    41 |   224 |   294 |   324 |   210 ||  1146
Block: Buckler           |       |       |    41 |   179 |   139 |       |       ||   359
       Large shield      |       |       |       |       |   751 |  2959 |  1546 ||  5256
       Rpst.: Long sword |       |       |    10 |    54 |    60 |    59 |    40 ||   223
